 Dungeon Sprint DCSS version 0.30-a0-1094-g860fb061e7 (webtiles) character file.

Game seed: 2507767779780049568

1666 Elsrick the Carver (level 9, -11/79 HPs)
             Began as a Human Berserker on Apr 18, 2023.
             Was an Elder of Trog.
             Mangled by a catoblepas (24 damage)
             ... in the Dungeon (Sprint IX: "|||||||||||||||||||||||||||||").
             The game lasted 00:04:30 (582 turns).

Elsrick the Carver (Human Berserker)                 Turns: 582, Time: 00:04:31

Health: -11/79     AC: 13    Str: 26    XL:     9   Next: 20%
Magic:  9/9        EV: 13    Int:  7    God:    Trog [****..]
Gold:   0          SH:  0    Dex: 12    Spells: 8/8 levels left

rFire   . . .      SeeInvis .    a - +0 falchion
rCold   . . .      Faith    .    (no shield)
rNeg    . . .      Spirit   .    o - +1 scale mail
rPois   .          Reflect  .    k - +0 helmet
rElec   .          Rampage  .    l - +0 cloak
rCorr   .          NoTele   +    (no gloves)
Will    ++...                    (no boots)
Stlth   +                        (no amulet)
HPRegen 1.33/turn                m - +3 ring of strength
MPRegen 0.11/turn                n - +2 ring of protection

@: strong-willed, regenerating
A: no striking features
a: Renounce Religion, Berserk, Trog's Hand, Brothers in Arms


You were in the Dungeon.
You worshipped Trog.
Trog was greatly pleased with you.
You visited 1 branch

Inventory:

Hand Weapons
 a - a +0 falchion (weapon)
 j - a +2 scimitar of holy wrath
 p - a +1 shortbow of draining
Armour
 b - a +0 animal skin
 k - a +0 helmet (worn)
 l - a +0 cloak (worn)
 o - a +1 scale mail (worn)
Jewellery
 m - a +3 ring of strength (left hand)
 n - a +2 ring of protection (right hand)
Wands
 i - a wand of roots (10)
Scrolls
 h - 2 scrolls of blinking
Potions
 c - 5 potions of curing
 d - 2 potions of heal wounds
 e - a potion of invisibility
 f - 4 potions of magic
 g - a potion of berserk rage


   Skills:
 + Level 10.9 Fighting
 + Level 13.6 Long Blades
 + Level 6.9 Armour
 + Level 7.1 Dodging
 + Level 2.5 Stealth


You had 8 spell levels left.
You didn't know any spells.
Your spell library was empty.

Dungeon Overview and Level Annotations

Branches:
Dungeon (1/1)

Altars:
Cheibriados
Dithmenos
Elyvilon
Fedhas
Gozag
Hepliaklqana
Kikubaaqudgha
Makhleb
Nemelex Xobeh
Okawaru
Qazlal
Ru
Sif Muna
Trog
Uskayaw
Vehumet
Wu Jian
Xom
Yredelemnul
Zin
The Shining One
Jiyva
Lugonu


Message History

The catoblepas gores you but does no damage.
The catoblepas gores you!!
You turn to flesh and can move again.
You slash the catoblepas!
The catoblepas is lightly wounded.
You hit the catoblepas.
The catoblepas is lightly wounded.
The catoblepas barely misses you.
You slash the catoblepas!
The catoblepas is moderately wounded.
The catoblepas gores you!!
* * * LOW HITPOINT WARNING * * *
You hit the catoblepas but do no damage.
The catoblepas is moderately wounded.
You hit the catoblepas.
The catoblepas is moderately wounded.
The catoblepas gores you!
* * * LOW HITPOINT WARNING * * *
You feel much better. The catoblepas barely misses you.
You hit the catoblepas but do no damage.
The catoblepas is moderately wounded.
You hit the catoblepas but do no damage.
The catoblepas is moderately wounded.
The catoblepas gores you but does no damage.
You slash the catoblepas!
The catoblepas is moderately wounded.
The catoblepas gores you!
You hit the catoblepas but do no damage.
The catoblepas is moderately wounded.
You barely miss the catoblepas.
The catoblepas is moderately wounded.
The catoblepas gores you.
You hit the catoblepas but do no damage.
The catoblepas is moderately wounded.
You hit the catoblepas.
The catoblepas is moderately wounded.
The catoblepas gores you!
* * * LOW HITPOINT WARNING * * *
You fail to use your ability.
The catoblepas gores you!!
You die...

▓+▓
▓.▓
▓.▓
▓.▓
▓.▓
▓c▓
▓Y▓
▓@▓
▓†▓
▓)▓
▓.▓
▓)▓
▓)▓
▓.▓
▓'▓
▓.▓


You could see a catoblepas and a centaur.

Vanquished Creatures
  A two-headed ogre (D)
  A troll (D)
  A vampire mosquito (D)
  An orc warrior (D)
  2 centaurs (D)
  A kobold brigand (D)
  2 scorpions (D)
  A howler monkey (D)
  A jelly (D)
  A sleepcap (D)
  An orc wizard (D)
  A gnoll (D)
  A dart slug (D)
  A bat (D)
  An endoplasm (D)
  A ball python (D)
  A frilled lizard (D)
19 creatures vanquished.

Vanquished Creatures (others)
  A centaur warrior (D)
1 creature vanquished.

Grand Total: 20 creatures vanquished

Notes
Turn   | Place    | Note
-------+----------+-------------------------------------------
     0 | D        | Elsrick the Human Berserker began the quest for the Orb.
     0 | D        | Reached XP level 1. HP: 18/18 MP: 1/1
    13 | D        | Reached ** piety under Trog
    18 | D        | Reached XP level 2. HP: 14/25 MP: 2/2
    63 | D        | Noticed a scorpion
    63 | D        | Noticed a scorpion
    71 | D        | Killed a scorpion
    72 | D        | Reached skill level 5 in Fighting
    72 | D        | Reached skill level 5 in Long Blades
    72 | D        | Reached XP level 3. HP: 31/33 MP: 3/3
    72 | D        | Reached XP level 4. HP: 36/39 MP: 4/4
    74 | D        | Reached *** piety under Trog
    75 | D        | Reached skill level 6 in Long Blades
    77 | D        | Reached skill level 7 in Long Blades
    77 | D        | Reached XP level 5. HP: 37/47 MP: 5/5
    81 | D        | Reached skill level 8 in Long Blades
    85 | D        | Reached XP level 6. HP: 30/55 MP: 6/6
   315 | D        | Found a snail-covered altar of Cheibriados.
   315 | D        | Found a shadowy altar of Dithmenos.
   315 | D        | Found a white marble altar of Elyvilon.
   315 | D        | Found a blossoming altar of Fedhas.
   315 | D        | Found an opulent altar of Gozag.
   316 | D        | Found a hazy altar of Hepliaklqana.
   317 | D        | Found a viscous altar of Jiyva.
   318 | D        | Found an ancient bone altar of Kikubaaqudgha.
   319 | D        | Found a corrupted altar of Lugonu.
   320 | D        | Found a burning altar of Makhleb.
   321 | D        | Found a sparkling altar of Nemelex Xobeh.
   322 | D        | Found an iron altar of Okawaru.
   323 | D        | Found a stormy altar of Qazlal.
   324 | D        | Found a sacrificial altar of Ru.
   325 | D        | Found a shimmering blue altar of Sif Muna.
   326 | D        | Found a bloodstained altar of Trog.
   327 | D        | Found a hide-covered altar of Uskayaw.
   328 | D        | Found a radiant altar of Vehumet.
   329 | D        | Found an ornate altar of the Wu Jian Council.
   330 | D        | Found a shimmering altar of Xom.
   331 | D        | Found a basalt altar of Yredelemnul.
   332 | D        | Found a glowing silver altar of Zin.
   333 | D        | Found a glowing golden altar of the Shining One.
   386 | D        | Noticed an orc warrior
   394 | D        | Reached skill level 9 in Long Blades
   400 | D        | Reached **** piety under Trog
   405 | D        | Killed an orc warrior
   406 | D        | Reached skill level 10 in Long Blades
   406 | D        | Reached skill level 5 in Dodging
   406 | D        | Reached XP level 7. HP: 64/64 MP: 7/7
   437 | D        | Reached ***** piety under Trog
   438 | D        | Reached skill level 11 in Long Blades
   503 | D        | Noticed a catoblepas
   503 | D        | Noticed a centaur warrior
   503 | D        | Noticed a vampire mosquito
   503 | D        | Noticed a troll
   503 | D        | Noticed a two-headed ogre
   511 | D        | Killed a two-headed ogre
   512 | D        | Reached skill level 10 in Fighting
   512 | D        | Reached skill level 12 in Long Blades
   512 | D        | Reached XP level 8. HP: 73/73 MP: 8/8
   516 | D        | Killed a troll
   517 | D        | Reached skill level 13 in Long Blades
   532 | D        | Reached XP level 9. HP: 61/79 MP: 9/9
   558 | D        | Killed a centaur warrior
   573 | D        | HP: 3/79 [catoblepas (13)]
   582 | D        | Mangled by a catoblepas

Illustrated notes

Levels and vault maps discovered:
D:        linesprint [early_d, line_temple, items_1, d_10, items_2, lair_1,
          lair_end, items_3, orc_1, orc_end, items_4, d_15, swamp_1, shoals_1,
          snake_1, spider_1, d_20, vaults_1, items_5, swamp_end, shoals_end,
          snake_end, spider_end, vaults_end, d_27, items_6, zot_1, zot_end,
          crypt_end, forest_end, elf_end, slime_end, tomb_end, abyss_end,
          pan_hell_end]

Skill      XL: |  1  2  3  4  5  6  7  8  9 |
---------------+----------------------------+-----
Fighting       | 5 6 7 9 10 | 10.9
Long Blades    | 5 7 8 10 12 13 | 13.6
Dodging        | 3 4 5 6 7 |  7.1
Armour         | 3 4 6 |  6.9
Stealth        | 2 |  2.5

Action                     |  1- 3 |  4- 6 |  7- 9 || total
---------------------------+-------+-------+-------++-------
  Melee: Falchion          |    21 |    26 |    59 ||   106
         Punch             |       |     1 |       ||     1
 Invoke: Berserk           |     1 |     1 |     1 ||     3
         Trog's Hand       |       |     1 |     3 ||     4
         Brothers in Arms  |       |       |     1 ||     1
    Use: Potion            |     1 |       |     1 ||     2
   Stab: Petrified         |       |       |     7 ||     7
 Armour: Animal skin       |     3 |       |       ||     3
         Scale mail        |       |     5 |    42 ||    47
  Dodge: Dodged            |     8 |     8 |    18 ||    34

Table legend: (Time is in decaauts)
 A = Elapsed time spent in this place.
 B = Non-inter-level travel time spent in this place.
 C = Inter-level travel time spent in this place.
 D = Time resting spent in this place.
 E = Time spent auto-exploring this place.
 F = Levels seen in this place.
 G = Mean time per level.
                   A        B        C        D        E       F      G
               +--------+--------+--------+--------+--------+-----+--------+
         Total |    562 |    562 |      0 |    300 |      0 |   1 |  562.0 |
       Dungeon |    562 |    562 |      0 |    300 |      0 |   1 |  562.0 |
               +--------+--------+--------+--------+--------+-----+--------+

Top non-repeatable levels by time:
       D: 562 daAuts
